AoeStats
← ska_18

Black Forest

506455656Analyzed
3v3 RM · 18d ago on Sep 13, 2026· 66m 42s· 6 players
Game mode
Random Map
Map size
Normal (6 player)
Population
200
Speed
Normal
Resources
Standard
Victory
Conquest
Starting age
Dark Age
Ending age
Imperial Age
RankedLock teamsTeams togetherTeam positionsShared explorationLock speedFull tech treeHidden civsTurbo modeCheats
Victory
Defeat
🇧🇪 Turks · Belgium
905
+17
🇦🇹 Saracens · Austria
904
+17
🇩🇪 Teutons · Germany
900
+32
🇫🇷 Franks · France
951
-19
🇨🇦 Persians · Canada
903
-16
🇨🇭 Slavs · Switzerland
894
-16
Franky
1:02 Loom
13:43 Feudal Age
Neuronians
0:26 Loom
14:00 Feudal Age
16:06 Wheelbarrow
15:26 Double-Bit Axe
15:24 Horse Collar
ska_18
1:01 Loom
12:18 Feudal Age
17:44 Castle Age
15:33 Double-Bit Axe
15:29 Horse Collar
15:31 Fishing Lines
18:56 Town Watch
19:54 Bow Saw
20:20 Wheelbarrow
21:37 Hand Cart
23:24 Heavy Plow
25:13 Gold Mining
25:13 Stone Mining
26:45 Sanctity
30:01 Gold Shaft Mining
30:37 Forging
30:32 Scale Barding Armor
31:32 Town Patrol
32:09 Iron Casting
31:24 Fletching
33:52 Coinage
36:03 Imperial Age
34:01 Chain Barding Armor
33:23 Treadmill Crane
33:54 Fortified Wall
33:55 Masonry
34:49 Bimaristan
35:10 Ballistics
37:51 Chemistry
36:57 Siege Engineers
37:15 Conscription
36:15 Elite Mameluke
37:31 Hoardings
37:57 Blast Furnace
37:33 Plate Barding Armor
37:23 Fervor
37:33 Bodkin Arrow
39:02 Bloodlines
38:52 Husbandry
38:13 Light Cavalry
39:30 Murder Holes
40:59 Bracer
41:00 Herbal Medicine
42:12 Two-Man Saw
64:43 Scale Mail Armor
64:04 Pikeman
64:44 Squires
64:30 Arson
64:36 Gambesons
Socrate78
1:15 Loom
11:40 Feudal Age
13:16 Wheelbarrow
13:09 Double-Bit Axe
16:47 Gold Mining
20:04 Castle Age
19:34 Stone Mining
23:49 Bow Saw
27:22 Caravan
28:05 Scale Barding Armor
34:01 Imperial Age
33:49 Chain Barding Armor
33:39 Forging
33:37 Husbandry
36:07 Iron Casting
35:41 Chivalry
37:28 Gold Shaft Mining
38:24 Conscription
38:33 Cavalier
40:02 Elite Throwing Axeman
40:55 Onager
42:28 #83
48:54 Plate Barding Armor
59:03 Gambesons
iachen
5:41 Loom
11:54 Feudal Age
17:32 Castle Age
15:36 Double-Bit Axe
15:33 Horse Collar
18:06 Wheelbarrow
20:35 Stone Mining
21:06 Bow Saw
26:50 Forging
26:45 Scale Barding Armor
31:45 Imperial Age
30:10 Iron Casting
29:56 Chain Barding Armor
30:13 Bloodlines
30:05 Husbandry
30:37 Caravan
31:14 Gold Mining
31:27 Heavy Plow
33:05 Blast Furnace
32:40 Plate Barding Armor
31:30 Cavalier
34:23 Gold Shaft Mining
34:30 Savar
37:34 Conscription
43:56 Stone Shaft Mining
48:21 Chemistry
47:42 Ballistics
57:04 Citadels
57:12 Heavy Camel Rider
Spieler32626386
0:43 Loom
11:37 Feudal Age
12:26 Double-Bit Axe
12:24 Horse Collar
17:26 Wheelbarrow
Connection lost

Rejoining the realm…

Still unreachable

The connection could not be restored.

Session expired

The server has moved on; the page needs a fresh start.